 Dungeon Crawl Stone Soup version 0.31-a0-1112-ga3593d9213 (webtiles) character file.

Game seed: 17857698677620793171

1072 GreatBamboolord the Ducker (level 8, 0/34 HPs)
             Began as a Felid Shapeshifter on Dec 4, 2023.
             Slain by a water moccasin (5 damage)
             ... on level 6 of the Dungeon.
             The game lasted 00:16:48 (4666 turns).

GreatBamboolord the Ducker (Felid Shapeshifter)     Turns: 4666, Time: 00:16:49

Health: 0/34       AC:  2    Str:  9    XL:     8   Next: 7%
Magic:  11/11      EV: 19    Int: 18    God:
Gold:   71         SH:  0    Dex: 14    Spells: 5/10 levels left
                                        Lives:  0   Deaths: 3

rFire   + .          .
                       - Unarmed
rCold   . . .        (shield unavailable)
rNeg    . . .        (body armour unavailable)
rPois   .            (helmet unavailable)
rElec   .            (cloak unavailable)
rCorr   .            (gloves unavailable)
SInv    +            (boots unavailable)
Will    +....        (no amulet)
Stlth   +++          f - ring of protection from fire
HPRegen 0.25/turn    k - ring of wizardry
MPRegen 0.12/turn

%: wizardry (x1)
@: brilliant, lethally poisoned (0 -> -6), beast-form, on blink cooldown, quick
A: beast (slay +3), very small, claws 1, fangs 3, see invisible, speed 1, shaggy
fur 2, stealthy paws, no weapons or thrown items, no armour, multi-lived, clever
1
a: Begin Untransformation


You were on level 6 of the Dungeon.
You were a hulking beast.
You visited 2 branches of the dungeon, and saw 7 of its levels.

You collected 226 gold pieces.
You spent 155 gold pieces at shops.

Inventory:

Jewellery
 f - a ring of protection from fire (left paw)
 h - a ring of resist corrosion
 k - a ring of wizardry (right paw)
Talismans
 b - a beast talisman (active)
 c - a flux talisman
 i - a maw talisman
Wands
 s - a wand of roots (10)
Scrolls
 e - a scroll of revelation {unknown}
Potions
 d - 2 potions of magic
 l - a potion of might {unknown}
 m - a potion of mutation
 t - a potion of curing {unknown}


   Skills:
 + Level 3.1 Fighting
 * Level 6.0 Dodging
 * Level 6.0 Stealth
 + Level 4.3 Unarmed Combat
 + Level 1.9 Spellcasting
 + Level 1.1 Summonings
 + Level 2.9 Translocations
 * Level 5.4 Shapeshifting


You had 5 spell levels left.
You knew the following spells:

 Your Spells              Type           Power      Damage    Failure   Level
a - Blink                 Tloc           36%        N/A       3%          2
b - Lesser Beckoning      Tloc           36%        N/A       3%          2
c - Summon Small Mammal   Summ           32%        N/A       4%          1

Your spell library contained the following spells:

 Spells                   Type           Power      Damage    Failure   Level
 Momentum Strike          Conj/Tloc      20%        3d8       6%          2
 Call Canine Familiar     Summ           8%         N/A       14%         3
 Summon Guardian Golem    Hex/Summ       5%         N/A       17%         3


Dungeon Overview and Level Annotations

Branches:
Dungeon (6/15)             Temple (1/1) D:5

Altars:
Ashenzari
Dithmenos
Elyvilon
Fedhas
Hepliaklqana
Nemelex Xobeh
Okawaru
Qazlal
Ru
Sif Muna
Trog
Vehumet
Wu Jian
Xom
Yredelemnul
Zin
The Shining One

Shops:
D:3 *

Annotations:
D:4 Eustachio, Menkaure


Innate Abilities, Weirdness & Mutations

You are a hulking beast.
Your limbs bulge with bestial killing power. (Slay +3)
You have sharp claws.
You have razor-sharp teeth.
You have supernaturally acute eyesight. (SInv)
You cover ground quickly. (Speed+)
You are covered in thick fur. (AC +2)
Your paws help you pounce on unaware monsters.
You are incapable of wielding weapons or throwing items.
You cannot wear armour.
You gain extra lives every three experience levels.
Your mind is acute. (Int +4, Str/Dex -1)


Message History

Unknown command.
You hear the rusting of a drain nearby.
You scratch the water moccasin. Your bite misses the water moccasin.
The water moccasin is lightly wounded.
The water moccasin barely misses you. The water moccasin misses you.
You miss the water moccasin. Your claw misses the water moccasin.
Your bite misses the water moccasin.
The water moccasin is lightly wounded.
The water moccasin bites you!
You claw the water moccasin!
The water moccasin is heavily wounded.
The water moccasin misses you.
You claw the water moccasin!
The water moccasin is severely wounded.
The water moccasin barely misses you.
You closely miss the water moccasin. You bite the water moccasin.
The water moccasin is severely wounded.
The water moccasin bites you.
You are poisoned.
The water moccasin poisons you! The water moccasin bites you!
It was a potion of brilliance.
You feel clever all of a sudden.
* * * LOW HITPOINT WARNING * * *
You feel very sick.
The water moccasin completely misses you.
Casting: Summon Small Mammal (safe; 4% risk of failure)
Confirm with . or Enter, or press ? or * to list all spells.
You feel a surge of power!
You blink.
* * * LOW HITPOINT WARNING * * *
You feel sick. The jelly misses you.
The water moccasin completely misses you.
Unknown command.
Casting: Blink (safe; 3% risk of failure)
Confirm with . or Enter, or press ? or * to list all spells.
Okay, then.
* * * LOW HITPOINT WARNING * * *
You feel sick.
The water moccasin attacks as it pursues you!
The water moccasin bites you.
You die...

.## ###...#.# #. .......
#.##.)...## ## ..>......
##..#...##.)# ###
.........##......###..## #..
............#..#.##....####.#
........##.....#.##.##..##..#
#.........#....[...............
#.........#.).....###.###....##
............#h#..##.........##
..#####...##S#..##......##...
#......####J........###.....
###......####.#....#..# #.....
#.......#...ยง.#.......# #.....
..#......########..... ../... .
#...#### .....!...... #.<.#
..###Y..... #...# ## ##.....


You could see a water moccasin and a jelly.

Vanquished Creatures
  Sigmund (D:4)
  An ogre (D:5)
  A centaur (D:5)
  2 jellies (D:5)
  A sleepcap (D:6)
  6 hounds
  3 iguanas
  4 orc wizards
  3 gnolls (D:4)
  13 adders
  A white imp (D:5)
  2 ufetubi (D:5)
  5 worms
  5 dart slugs
  29 orcs
  2 bats (D:1)
  3 endoplasms
  7 giant cockroaches
  3 hobgoblins
  4 jackals (D:4)
  7 kobolds
  2 quokkas
  7 ball pythons
  A frilled lizard (D:1)
  8 goblins
  5 rats
126 creatures vanquished.

Notes
Turn   | Place    | Note
-------+----------+-------------------------------------------
     0 | D:1      | GreatBamboolord the Felid Shapeshifter began the quest for
                  | the Orb.
     0 | D:1      | Reached XP level 1. HP: 9/9 MP: 2/2
   139 | D:1      | Reached skill level 1 in Stealth
   176 | D:1      | Reached XP level 2. HP: 6/12 MP: 3/3
   478 | D:1      | Found a faded altar of an unknown god.
   626 | D:2      | Reached XP level 3. HP: 8/15 MP: 4/4
  1115 | D:3      | Found Negrural's Assorted Antiques.
  1155 | D:3      | Reached XP level 4. HP: 17/19 MP: 5/5
  1180 | D:3      | You fall into a shaft and drop 1 floor!
  1201 | D:4      | Found a stormy altar of Qazlal.
  1221 | D:4      | Noticed Sigmund
  1598 | D:3      | Reached XP level 5. HP: 21/22 MP: 6/6
  1669 | D:3      | Found a hazy altar of Hepliaklqana.
  1997 | D:3      | Found a shimmering blue altar of Sif Muna.
  1997 | D:3      | Found a blossoming altar of Fedhas.
  2081 | D:3      | Learned a level 2 spell: Blink
  2155 | D:4      | Noticed Eustachio
  2293 | D:4      | Noticed Menkaure
  2452 | D:4      | Slain by Eustachio
  2597 | D:3      | HP: 1/22 [hound (5)]
  2598 | D:3      | Slain by a hound
  2754 | D:4      | Gained mutation: You are covered in thick fur. (AC +2)
                  | [Felid growth]
  2754 | D:4      | Reached XP level 6. HP: 18/26 MP: 7/7
  2996 | D:4      | Gained mutation: Your mind is acute. (Int +4, Str/Dex -1)
                  | [potion of mutation]
  3004 | D:4      | Killed Sigmund
  3005 | D:4      | Reached skill level 5 in Dodging
  3005 | D:4      | Reached skill level 1 in Spellcasting
  3005 | D:4      | Reached skill level 1 in Translocations
  3018 | D:4      | Learned a level 2 spell: Lesser Beckoning
  3308 | D:5      | Entered Level 5 of the Dungeon
  3380 | D:5      | Reached XP level 7. HP: 20/30 MP: 9/9
  3463 | D:5      | Found a staircase to the Ecumenical Temple.
  3480 | Temple   | Entered the Ecumenical Temple
  3485 | Temple   | Reached skill level 5 in Stealth
  3531 | D:5      | Reached skill level 5 in Shapeshifting
  3755 | D:3      | Bought a scroll of teleportation for 93 gold pieces
  3755 | D:3      | Bought a scroll labelled ULOCLUTWUU for 31 gold pieces
  3755 | D:3      | Bought a scroll labelled VEZEOSCH ANLAR for 31 gold pieces
  3810 | D:5      | Learned a level 1 spell: Summon Small Mammal
  4012 | D:5      | Found a basalt altar of Yredelemnul.
  4399 | D:6      | Reached skill level 1 in Summonings
  4563 | D:6      | Reached XP level 8. HP: 34/34 MP: 11/11
  4628 | D:6      | Demolished by a sleepcap
  4666 | D:6      | Slain by a water moccasin

Illustrated notes

Levels and vault maps discovered:
D:1:      lightli_arrival_noodles, layout_basic, ebering_ecumenical_altar_box,
          minmay_tromino_v4_c
D:2:      layout_rooms, corexii_leaking_fountain
D:3:      layout_loops_ring, nicolae_overflow_two_pavilions,
          mainiacjoe_overflow_alcove_2, serial_shops, shop, minivault_19
D:4:      layout_rooms, nicolae_qazlal_scattered_showers, grunt_ministairs_11,
          wad_floor_pattern_untrapped, uniq_menkaure, uniq_sigmund,
          uniq_eustachio
D:5:      layout_cave_pools, mainiacjoe_overflow_concentric_impassable,
          minmay_temple_entry_arrows
D:6:      layout_rooms, gup_sewer_entry_pipe
Temple:   minmay_temple_bridge_abc

Skill      XL: |  1  2  3  4  5  6  7  8 |
---------------+-------------------------+-----
Stealth        | 1 2 3 4 5 6 |  6.0
Dodging        | 3 4 5 6 |  6.0
Shapeshifting  | 4 5 |  5.4
Fighting       | 2 3 |  3.1
Spellcasting   | 1 |  1.9
Translocations | 1 2 |  2.9
Unarmed Combat | 4 |  4.3
Summonings     | 1 |  1.1

Action                     |  1- 3 |  4- 6 |  7- 9 || total
---------------------------+-------+-------+-------++-------
  Melee: Unarmed           |    60 |   184 |   114 ||   358
         Bite              |     5 |    24 |    13 ||    42
         Punch             |     1 |     1 |     3 ||     5
   Cast: Summon Small Mamm |       |       |    16 ||    16
         Blink             |       |       |     1 ||     1
Ability: Begin Untransform |     1 |       |       ||     1
    Use: Scroll            |     3 |     2 |    15 ||    20
         Potion            |       |     3 |     2 ||     5
   Stab: Sleeping          |     5 |     5 |     5 ||    15
 Armour: Skin              |    13 |    50 |    50 ||   113
  Dodge: Dodged            |    43 |   132 |   150 ||   325
   Form: Beast             |     1 |       |       ||     1

Table legend: (Time is in decaauts)
 A = Elapsed time spent in this place.
 B = Non-inter-level travel time spent in this place.
 C = Inter-level travel time spent in this place.
 D = Time resting spent in this place.
 E = Time spent auto-exploring this place.
 F = Levels seen in this place.
 G = Mean time per level.
                   A        B        C        D        E       F      G
               +--------+--------+--------+--------+--------+-----+--------+
         Total |   4069 |   3753 |    316 |   1036 |   1414 |   7 |  581.3 |
       Dungeon |   3927 |   3611 |    316 |    902 |   1414 |   6 |  654.5 |
        Temple |    141 |    141 |      0 |    134 |      0 |   1 |  141.0 |
               +--------+--------+--------+--------+--------+-----+--------+

Top non-repeatable levels by time:
     D:3: 1358 daAuts
     D:4: 752 daAuts
     D:5: 733 daAuts
     D:1: 555 daAuts
     D:2: 344 daAuts
     D:6: 183 daAuts
  Temple: 141 daAuts
